 Dungeon Crawl Stone Soup version 0.29.0-4-gdea44cf6ec (webtiles) character file.

Game seed: 17971942250564025200

151 qw the Chopper (level 5, -12/30 HPs)
             Began as a Tengu Warper on Aug 28, 2022.
             Mangled by an orc
             ... wielding a +2 trident of distortion
              (18 damage)
             ... on level 4 of the Dungeon.
             The game lasted 00:00:16 (2592 turns).

qw the Chopper (Tengu Warper)                       Turns: 2592, Time: 00:00:17

Health: -12/30     AC:  7    Str: 13    XL:     5   Next: 33%
Magic:  0/9        EV: 13    Int: 13    God:
Gold:   172        SH:  0    Dex: 14    Spells: 8/8 levels left

rFire   . . .      SeeInvis .   b - +0 war axe
rCold   + . .      Faith    .   (no shield)
rNeg    . . .      Spirit   +   a - +1 ring mail {rC+}
rPois   .          Reflect  .   (helmet restricted)
rElec   .          Harm     .   d - +0 cloak
rCorr   .          Rampage  .   (no gloves)
Will    .....                   (boots unavailable)
Stlth   ..........              j - amulet of guardian spirit
HPRegen 0.10/turn               (no ring)
MPRegen 0.11/turn               (no ring)

@: confused, flying quickly and evasively, quick
A: beak, talons 3, nimble flight
a: no special abilities


You were on level 4 of the Dungeon.
You visited 1 branch of the dungeon, and saw 4 of its levels.

You collected 172 gold pieces.


Innate Abilities, Weirdness & Mutations

You have a beak for a mouth.
You have claws for feet.
Your magical nature lets you fly swiftly and evasively.


   Skills:
 - Level 2.0 Fighting
 + Level 5.9 Axes
 - Level 1.0 Throwing
 - Level 1.1 Armour
 - Level 2.1 Dodging
 - Level 2.0 Spellcasting
 - Level 2.4 Translocations


You had 8 spell levels left.
You didn't know any spells.
Your spell library contained the following spells:

 Spells                   Type           Power      Damage    Failure   Level
 Blink                    Tloc           14%        N/A       30%         2
 Gell's Gravitas          Tloc           7%         N/A       52%         3
 Lesser Beckoning         Tloc           7%         N/A       52%         3
 Teleport Other           Tloc           7%         N/A       52%         3
 Manifold Assault         Tloc           7%         N/A       99%         5

Inventory:

Hand Weapons
 b - a +0 war axe (weapon)
 k - a +0 mace
Missiles
 l - 5 javelins (quivered)
Armour
 a - a +1 ring mail of cold resistance (worn)
 d - a +0 cloak (worn)
Jewellery
 j - an amulet of guardian spirit (around neck)
Potions
 e - a potion of resistance {unknown}
 g - 3 potions of heal wounds
 h - a potion of lignification {unknown}
 i - a potion of haste {unknown}
 m - a potion of curing {unknown}

Dungeon Overview and Level Annotations

Branches:
Dungeon (4/15)
 Temple: D:4-7

Altars:
Uskayaw


Message History

Beogh smites you!
Items here: % ))) [[.
You hit the orc priest but do no damage.
You claw the orc priest, but do no damage.
The orc priest invokes the aid of Beogh against you.
Pain shoots through your body!
The orc priest mumbles some strange prayers to Beogh against you.
Beogh smites you!
You barely miss the orc priest.
You peck the orc priest, but do no damage.
An orc comes into view. It is wielding a +0 mace.
You closely miss the orc priest.
You claw the orc priest, but do no damage.
The orc priest hits you with a +3 hand axe.
You hit the orc wizard.
You claw the orc wizard, but do no damage.
The orc wizard is moderately wounded.
You hit the orc priest but do no damage.
The orc priest hits you but does no damage.
The orc wizard hits you but does no damage.
The orc closely misses you.
You hit the orc wizard.
You claw the orc wizard, but do no damage.
Your peck misses the orc wizard.
The orc wizard is heavily wounded.
You barely miss the orc priest.
The orc priest hits you but does no damage.
The orc wizard casts a spell at you.
You are confused.
The orc hits you but does no damage. Space warps around you.
The orc priest calls down the wrath of Beogh upon you.
You barely resist. The orc closely misses you.
The orc wizard hits you but does no damage.
You bump into the rock wall.
The orc priest hits you with a +3 hand axe.
The orc wizard hits you but does no damage.
The orc hits you from afar with a +2 trident of distortion.
Space warps horribly around you!!
Ouch! That really hurt!
You die...

### .. #.. .. #.#
o. #.# o# #.# o#
#.# o# #.###o######
.. #...@o...... #.#
##.######### #.#
#.# ####.# #.#
###....# #.#
.......### #.#
#......# #.#
#<....#####.#######
#...%...)..........


You could see 2 orc priests, an orc wizard and 3 orcs.

Vanquished Creatures
  An iguana (D:4)
  An orc wizard (D:4)
  4 adders
  3 worms (D:2)
  6 orcs
  3 endoplasms
  3 giant cockroaches (D:1)
  6 goblins
  4 hobgoblins
  4 quokkas
  4 ball pythons
  2 bats
  A frilled lizard (D:2)
  5 kobolds (D:1)
  5 rats
52 creatures vanquished.

Vanquished Creatures (others)
  A ball python zombie (D:3)
1 creature vanquished.

Grand Total: 53 creatures vanquished

Notes
Turn   | Place    | Note
-------+----------+-------------------------------------------
     0 | D:1      | qw the Tengu Warper began the quest for the Orb.
     0 | D:1      | Reached XP level 1. HP: 12/12 MP: 4/4
     0 | D:1      | 0 ||| qw: Version: 0.1-a-89-g26bdef1
     0 | D:1      | 0 ||| qw: Game counter: 2702
     0 | D:1      | 0 ||| qw: Always use a shield: true
     0 | D:1      | 0 ||| qw: God list: Okawaru
     0 | D:1      | 0 ||| qw: Allow faded altars: false
     0 | D:1      | 0 ||| qw: Do Orc after D:15 true
     0 | D:1      | 0 ||| qw: Do second Lair branch before Depths: true
     0 | D:1      | 0 ||| qw: Lair rune preference: random
     0 | D:1      | 0 ||| qw: Plans: Normal
     0 | D:1      | 0 ||| PLANNING D:1-11
   295 | D:1      | 295 ||| Stepping ~*~*~tactically~*~*~ (stealth).
   376 | D:1      | Reached XP level 2. HP: 17/17 MP: 6/6
   519 | D:1      | Reached skill level 3 in Axes
   520 | D:1      | 520 ||| Stepping ~*~*~tactically~*~*~ (stealth).
   527 | D:1      | 527 ||| Stepping ~*~*~tactically~*~*~ (stealth).
   768 | D:1      | 768 ||| DROPPING +0 club.
  1076 | D:1      | 1076 ||| UPGRADING to +0 cloak.
  1081 | D:1      | 1081 ||| UPGRADING to amulet of guardian spirit.
  1086 | D:1      | 1086 ||| READING scroll labelled SOS LYICWAM.
  1087 | D:1      | 1087 ||| READING scroll labelled UDDISO ZUGENURGH.
  1088 | D:1      | 1088 ||| DRINKING 3 fizzy purple potions.
  1089 | D:1      | 1089 ||| DROPPING scroll of blinking.
  1255 | D:2      | Reached XP level 3. HP: 21/21 MP: 7/7
  1261 | D:2      | Reached skill level 4 in Axes
  1321 | D:2      | 1321 ||| Stepping ~*~*~tactically~*~*~ (stealth).
  1322 | D:2      | 1322 ||| Stepping ~*~*~tactically~*~*~ (stealth).
  1387 | D:2      | 1387 ||| Stepping ~*~*~tactically~*~*~ (stealth).
  1389 | D:2      | 1389 ||| Stepping ~*~*~tactically~*~*~ (stealth).
  1667 | D:2      | 1667 ||| UPGRADING to +0 ring mail.
  1677 | D:2      | 1677 ||| DROPPING +0 leather armour.
  1678 | D:2      | 1678 ||| READING scroll labelled UCEAGU WIUQA.
  1679 | D:2      | 1679 ||| READING scroll labelled ACLIMI UQEOLUN.
  1680 | D:2      | 1680 ||| READING scroll labelled FOALILYLUA.
  1681 | D:2      | 1681 ||| DRINKING 2 inky potions.
  1682 | D:2      | 1682 ||| DROPPING potion of flight.
  1695 | D:3      | Found a hide-covered altar of Uskayaw.
  1706 | D:3      | 1706 ||| Stepping ~*~*~tactically~*~*~ (stealth).
  1707 | D:3      | 1707 ||| Stepping ~*~*~tactically~*~*~ (stealth).
  1713 | D:3      | Reached XP level 4. HP: 26/26 MP: 8/8
  1806 | D:3      | Found a faded altar of an unknown god.
  1823 | D:3      | Reached skill level 5 in Axes
  1837 | D:3      | 1837 ||| FLEEEEING.
  1838 | D:3      | 1838 ||| FLEEEEING.
  1839 | D:3      | 1839 ||| FLEEEEING.
  1840 | D:3      | 1840 ||| FLEEEEING.
  1841 | D:3      | 1841 ||| FLEEEEING.
  1842 | D:3      | 1842 ||| FLEEEEING.
  1843 | D:3      | 1843 ||| FLEEEEING.
  1844 | D:3      | 1844 ||| FLEEEEING.
  1845 | D:3      | 1845 ||| FLEEEEING.
  1846 | D:3      | 1846 ||| FLEEEEING.
  1848 | D:3      | 1848 ||| FLEEEEING.
  1856 | D:3      | 1856 ||| FLEEEEING.
  1857 | D:3      | 1857 ||| FLEEEEING.
  1858 | D:3      | 1858 ||| FLEEEEING.
  1859 | D:3      | 1859 ||| FLEEEEING.
  1860 | D:3      | 1860 ||| FLEEEEING.
  1861 | D:3      | 1861 ||| FLEEEEING.
  1862 | D:3      | 1862 ||| FLEEEEING.
  1863 | D:3      | 1863 ||| FLEEEEING.
  1869 | D:3      | 1869 ||| FLEEEEING.
  1870 | D:3      | 1870 ||| FLEEEEING.
  1871 | D:3      | 1871 ||| FLEEEEING.
  1872 | D:3      | 1872 ||| FLEEEEING.
  1873 | D:3      | 1873 ||| FLEEEEING.
  1874 | D:3      | 1874 ||| FLEEEEING.
  1875 | D:3      | 1875 ||| FLEEEEING.
  1876 | D:3      | 1876 ||| FLEEEEING.
  1877 | D:3      | 1877 ||| FLEEEEING.
  1878 | D:3      | 1878 ||| FLEEEEING.
  1879 | D:3      | 1879 ||| FLEEEEING.
  1880 | D:3      | 1880 ||| FLEEEEING.
  1881 | D:3      | 1881 ||| FLEEEEING.
  1882 | D:3      | 1882 ||| FLEEEEING.
  1891 | D:3      | 1891 ||| STAIRDANCE
  1991 | D:2      | 1991 ||| UPGRADING to +1 ring mail of cold resistance.
  2001 | D:2      | 2001 ||| DROPPING +0 ring mail.
  2011 | D:3      | 2011 ||| Stepping ~*~*~tactically~*~*~ (stealth).
  2248 | D:3      | 2248 ||| SWAPPING to +0 war axe.
  2251 | D:3      | 2251 ||| DROPPING +0 hand axe of chaos.
  2508 | D:4      | Gained mutation: Your magical nature lets you fly swiftly
                  | and evasively. [Tengu growth]
  2508 | D:4      | Reached XP level 5. HP: 30/30 MP: 9/9
  2531 | D:4      | 2531 ||| Stepping ~*~*~tactically~*~*~ (stealth).
  2533 | D:4      | 2533 ||| Stepping ~*~*~tactically~*~*~ (hiding).
  2554 | D:4      | 2554 ||| FLEEEEING.
  2555 | D:4      | 2555 ||| FLEEEEING.
  2556 | D:4      | 2556 ||| FLEEEEING.
  2581 | D:4      | 2581 ||| Stepping ~*~*~tactically~*~*~ (hiding).
  2592 | D:4      | HP: 7/30 [orc priest/+3 hand axe (3)]
  2592 | D:4      | Mangled by an orc

Levels and vault maps discovered:
D:1:      scummos_arrival_gate, layout_loops_ring, minmay_misc_feat_tower,
          nicolae_figureground_pulse
D:2:      layout_rooms
D:3:      layout_loops_ring, nicolae_uskayaw_murder_on_the_dancefloor,
          nicolae_ecumenical_snake_handling, dreamdust_princess_corridor
D:4:      layout_loops_ring, st_stairs_4, nicolae_shop_vocational, uniq_sigmund

Skill      XL: |  1  2  3  4 |
---------------+-------------+-----
Axes           | 3 4 5 |  5.9
Fighting       | |  2.0
Throwing       | |  1.0
Armour         | |  1.1
Dodging        | |  2.1
Spellcasting   | |  2.0
Translocations | |  2.4

Action                   |  1- 3 |  4- 6 || total
-------------------------+-------+-------++-------
Melee: Hand axe          |    65 |    15 ||    80
       Kick              |    14 |    12 ||    26
       Peck              |    11 |     2 ||    13
       War axe           |       |    24 ||    24
       Punch             |       |     1 ||     1
Throw: Boomerang         |     7 |       ||     7
       Javelin           |    23 |    18 ||    41
  Use: Scroll            |     5 |       ||     5
       Potion            |     2 |       ||     2
 Stab: Distracted        |       |     1 ||     1
Armor: Leather armour    |    11 |       ||    11
       Ring mail         |     1 |    21 ||    22
Dodge: Dodged            |    29 |    11 ||    40

Table legend:
 A = Non-vault XP
 B = Vault XP
 C = Vault XP percentage of total XP
 D = Non-vault monster count
 E = Vault monster count
 F = Vault count percentage of total count
                 A         B        C        D         E       F
            +---------+---------+-------+---------+---------+-------
      Total |     184 |      32 |  14.8 |      47 |       5 |   9.6
            +---------+---------+-------+---------+---------+-------
        D:1 |      22 |       0 |   0.0 |      15 |       0 |   0.0
        D:2 |      47 |       0 |   0.0 |      16 |       0 |   0.0
        D:3 |      33 |      30 |  47.6 |      10 |       4 |  28.6
        D:4 |      82 |       2 |   2.4 |       6 |       1 |  14.3
            +---------+---------+-------+---------+---------+-------
